 Dungeon Crawl Stone Soup version 0.26-a0-980-g0fe3eaa9ac (webtiles) character file.

Game seed: 15321410118636048706

8556 pkoi the Destroyer (level 11, 0/51 HPs)
             Began as a Spriggan Conjurer on Dec 6, 2020.
             Was an Elder of Vehumet.
             Slain by a wolf spider (8 damage)
             ... on level 11 of the Dungeon.
             The game lasted 00:38:12 (14797 turns).

pkoi the Destroyer (Spriggan Conjurer)             Turns: 14797, Time: 00:38:13

Health: 0/51       AC:  4    Str:  2 (4)  XL:     11   Next: 11%
Magic:  11/18      EV: 20    Int: 20 (21) God:    Vehumet [****..]
Gold:   840        SH:  5    Dex: 13 (16) Spells: 6/18 levels left

rFire    . . .     SeeInvis +   D - staff of conjuration
rCold    . . .     Faith    .   (shield currently unavailable)
rNeg     . . .     Spirit   .   t - +2 robe {MR+}
rPois    .         Reflect  +   (helmet restricted)
rElec    +         Harm     .   (no cloak)
rCorr    +         Rampage  .   (gloves unavailable)
MR       ++...                  (boots unavailable)
Stlth    +++.......             l - amulet "Dubepla" {Reflect rElec SH+5}
HPRegen  0.17/turn              A - ring of resist corrosion
MPRegen  0.16/turn              (no ring)

@: very quick
A: very small, unfitting armour, see invisible, speed 3
a: Renounce Religion


You were on level 11 of the Dungeon.
You worshipped Vehumet.
Vehumet was greatly pleased with you.
You visited 2 branches of the dungeon, and saw 12 of its levels.

You collected 840 gold pieces.

Inventory:

Hand Weapons
 e - a +0 whip
 i - a +0 dagger of electrocution
 B - a +2 dagger of venom
Armour
 a - a +1 robe
 t - a +2 robe of magic resistance (worn)
Magical Staves
 D - an uncursed staff of conjuration (weapon)
Jewellery
 l - the amulet "Dubepla" (around neck) {Reflect rElec SH+5}
   (You acquired it on level 10 of the Dungeon)

   [amulet of reflection]

   It shields you and reflects attacks.
   It insulates you from electricity.
   It affects your SH (+5).
 r - an uncursed amulet of regeneration
 A - a ring of resist corrosion (left hand)
Wands
 s - a wand of flame (15)
 v - a wand of random effects (22)
 y - a wand of acid (7)
 E - a wand of polymorph (9)
 F - a wand of paralysis (7)
Scrolls
 b - a scroll of identify
 d - a scroll of magic mapping
 g - a scroll of amnesia
 h - a scroll of blinking
 m - a scroll of vulnerability {unknown}
 o - 7 scrolls of teleportation
 u - a scroll of enchant weapon
 w - a scroll of enchant armour
 x - a scroll of remove curse
Potions
 c - 3 potions of might
 f - 3 potions of flight
 j - 2 potions of berserk rage
 k - a potion of brilliance
 n - 5 potions of curing {unknown}
 p - 3 potions of haste {unknown}
 q - 4 potions of heal wounds


   Skills:
 - Level 2.6 Fighting
 - Level 5.9 Dodging
 - Level 5.0 Stealth
 - Level 4.0 Spellcasting
 + Level 10.8 Conjurations
 - Level 8.1 Hexes
 - Level 7.5 Translocations
 - Level 1.1 Fire Magic


You had 6 spell levels left.
You knew the following spells:

 Your Spells              Type           Power        Failure   Level
a - Magic Dart            Conj           ####         1%          1
b - Searing Ray           Conj           ######       1%          2
c - Fulminant Prism       Conj/Hex       ######....   1%          4
e - Blink                 Tloc           N/A          1%          2
f - Conjure Flame         Conj/Fire      #####...     1%          3

Your spell library contained the following spells:

 Spells                   Type           Power        Failure   Level
 Yara's Violent Unravell  Hex/Tmut       ###.......   17%         5
 Slow                     Hex            #####...     1%          2
 Dazzling Flash           Conj/Hex       ######       1%          3
 Iskenderun's Mystic Bla  Conj/Tloc      ######..     1%          4
 Mephitic Cloud           Conj/Pois/Air  ####....     2%          3
 Call Imp                 Summ           #.......     19%         2


Dungeon Overview and Level Annotations

Branches:
Dungeon (11/15)            Temple (1/1) D:5
   Lair: D:8-11         Orc: D:9-12

Altars:
Ashenzari
Cheibriados
Dithmenos
Elyvilon
Fedhas
Gozag
Hepliaklqana
Kikubaaqudgha
Makhleb
Nemelex Xobeh
Okawaru
Qazlal
Ru
Sif Muna
Trog
Uskayaw
Vehumet
Wu Jian
Xom
Yredelemnul
Zin
The Shining One

Shops:
D:4 =


Innate Abilities, Weirdness & Mutations

You are very small and have problems with some larger weapons.
You are too small for most types of armour.
You have supernaturally acute eyesight. (SInv)
You cover ground extremely quickly.


Message History

You feel a surge of power!
The searing ray hits the wolf spider!
The wolf spider is heavily wounded. (Press . to maintain the ray.)
The wolf spider barely misses you.
The wolf spider bites you but does no damage.
The searing ray hits the wolf spider.
The wolf spider is heavily wounded.
You block the wolf spider's attack. x2; The wolf spider hits you!!
The wolf spider closely misses you.
Unknown command.
The searing ray hits the wolf spider!
The wolf spider is almost dead.
The wolf spider misses you. You block the wolf spider's attack.
Unknown command.
The searing ray misses the wolf spider.
You finish channeling your searing ray.
The wolf spider hits you!!
* * * LOW HITPOINT WARNING * * *
The wolf spider completely misses you. The wolf spider closely misses you.
The wolf spider bites you!
You die...

## ## . ###.
.#... ....###
#######.....##
#............##
..............#
.......<.....##
.......@......#
.......s.......
..............#
.........).....
...............
...............
........$......
...............


You could see a wolf spider.

Vanquished Creatures
  2 two-headed ogres
  A tengu warrior (D:11)
  An unseen horror (D:10)
  An ugly thing (D:10)
  A centaur zombie (D:11)
  A gargoyle (D:10)
  A troll (D:10)
  2 sky beasts
  5 orc warriors
  A hornet zombie (D:7)
  A black bear (D:7)
  An ice beast (D:7)
  2 necrophages
  5 phantoms
  5 ogres
  6 centaurs
  5 bullfrogs
  A wyvern zombie (D:9)
  2 scorpions
  A killer bee (D:6)
  9 wights
  2 howler monkeys
  9 hounds
  4 jellies
  A quasit (D:5)
  3 orc priests
  6 orc wizards
  2 bullfrog skeletons
  2 centaur skeletons
  3 iguanas
  4 worker ants
  A hound skeleton (D:4)
  A worker ant zombie (D:7)
  5 gnolls
  19 adders
  A river rat (D:11)
  A shadow imp (D:6)
  2 white imps
  3 ufetubi
  An ooze (D:1)
  An adder skeleton (D:7)
  4 worms
  2 dart slugs
  7 leopard geckos
  54 orcs
  11 bats
  A giant cockroach (D:2)
  6 goblins
  3 hobgoblins (D:1)
  6 jackals
  11 kobolds
  8 quokkas
  5 frilled lizards
  A quokka skeleton (D:6)
  5 rats
249 creatures vanquished.

Vanquished Creatures (others)
  An orc wizard (D:8)
  22 fulminant prisms
  15 fungi (D:6)
38 creatures vanquished.

Grand Total: 287 creatures vanquished

Notes
Turn   | Place    | Note
-------+----------+-------------------------------------------
     0 | D:1      | pkoi the Spriggan Conjurer began the quest for the Orb.
     0 | D:1      | Reached XP level 1. HP: 9/9 MP: 5/5
    58 | D:1      | Reached skill level 3 in Conjurations
   457 | D:1      | Reached XP level 2. HP: 13/13 MP: 0/6
   871 | D:1      | Learned a level 2 spell: Searing Ray
  1409 | D:2      | Reached XP level 3. HP: 16/16 MP: 6/8
  1739 | D:2      | Reached skill level 4 in Conjurations
  2321 | D:3      | Reached XP level 4. HP: 21/21 MP: 5/9
  2326 | D:3      | Learned a level 4 spell: Fulminant Prism
  2648 | D:3      | Reached skill level 1 in Hexes
  2837 | D:3      | Reached XP level 5. HP: 24/24 MP: 4/10
  3541 | D:4      | Found Baitoasm's Jewellery Shoppe.
  4181 | D:4      | Reached skill level 5 in Conjurations
  4181 | D:4      | Reached XP level 6. HP: 19/28 MP: 1/11
  5079 | D:4      | Reached XP level 7. HP: 32/32 MP: 9/12
  5084 | D:4      | Learned a level 4 spell: Iskenderun's Mystic Blast
  5450 | D:5      | Entered Level 5 of the Dungeon
  5483 | D:5      | Found a basalt altar of Yredelemnul.
  5554 | D:5      | Found a staircase to the Ecumenical Temple.
  5649 | Temple   | Entered the Ecumenical Temple
  5828 | Temple   | Became a worshipper of Vehumet
  5913 | D:5      | Reached skill level 6 in Conjurations
  6655 | D:6      | Reached * piety under Vehumet
  6655 | D:6      | Offered knowledge of Shock by Vehumet.
  6656 | D:6      | Reached XP level 8. HP: 36/36 MP: 8/15
  6729 | D:6      | Reached skill level 5 in Hexes
  6729 | D:6      | Reached skill level 1 in Translocations
  7250 | D:6      | Reached skill level 7 in Conjurations
  7634 | D:6      | Found the +7 Singing Sword {vorpal, sonic wave}
  8016 | D:7      | Reached skill level 5 in Translocations
  8027 | D:7      | Reached ** piety under Vehumet
  8027 | D:7      | Offered knowledge of Freeze by Vehumet.
  8290 | D:7      | Reached XP level 9. HP: 32/39 MP: 6/16
  8951 | D:7      | Offered knowledge of Mephitic Cloud by Vehumet.
  9406 | D:7      | Reached skill level 8 in Conjurations
  9739 | D:7      | Reached skill level 1 in Fighting
  9887 | D:7      | Reached *** piety under Vehumet
 10165 | D:8      | Learned a level 2 spell: Blink
 10169 | D:8      | Learned a level 3 spell: Conjure Flame
 10633 | D:8      | Found a snail-covered altar of Cheibriados.
 10693 | D:8      | Reached skill level 5 in Dodging
 10736 | D:8      | Reached skill level 1 in Fire Magic
 11364 | D:9      | Reached XP level 10. HP: 46/46 MP: 12/17
 11366 | D:9      | Identified 2 scrolls of acquirement
 11366 | D:9      | Acquired an uncursed staff of conjuration
 11380 | D:9      | Offered knowledge of Hailstorm by Vehumet.
 12227 | D:9      | Reached **** piety under Vehumet
 12441 | D:9      | Reached skill level 5 in Stealth
 12616 | D:10     | Entered Level 10 of the Dungeon
 12618 | D:10     | Noticed a two-headed ogre
 12662 | D:9      | Killed a two-headed ogre
 12663 | D:9      | Reached skill level 9 in Conjurations
 12894 | D:10     | Noticed an unseen horror
 12909 | D:10     | Killed an unseen horror
 12936 | D:10     | Noticed a two-headed ogre
 12975 | D:10     | Killed a two-headed ogre
 13141 | D:10     | Noticed a gargoyle
 13506 | D:10     | Noticed a green ugly thing
 13523 | D:10     | Killed a green ugly thing
 13524 | D:10     | Reached skill level 10 in Conjurations
 13770 | D:10     | Acquired the amulet "Dubepla" {Reflect rElec SH+5}
 13837 | D:10     | Killed a gargoyle
 14174 | D:11     | Reached XP level 11. HP: 44/51 MP: 12/18
 14267 | D:11     | Noticed a death yak
 14538 | D:11     | Noticed a tengu warrior
 14540 | D:11     | Noticed a wolf spider
 14554 | D:11     | Offered knowledge of Yara's Violent Unravelling by Vehumet.
 14565 | D:11     | Identified the +9 scimitar of Deformation {flame, SInv}
 14576 | D:11     | Killed a tengu warrior
 14797 | D:11     | Slain by a wolf spider

Illustrated notes

Levels and vault maps discovered:
D:1:      lemuel_arrival_hallway, layout_loops_corners, palyth_stone_intersect
D:2:      layout_loops_ring
D:3:      layout_loops_corners
D:4:      layout_layer_cave, minmay_shop_enchanted_jewellery
D:5:      layout_rooms, nicolae_overflow_crystal_walls,
          minmay_temple_entry_glass
D:6:      old_forge, layout_basic, minmay_misc_feat_hallway
D:7:      cheibrodos_fzero, layout_rooms
D:8:      layout_basic, basic_altar
D:9:      layout_roguey [special_room_orc], serial_co_window_serial,
          co_window_paths_a, co_window_paths_a, co_window_paths_a,
          co_window_corner_a, co_window_corner_a, co_window_cross_1,
          co_window_corner_a, co_window_unsneaky_path_b, co_window_2corner,
          co_window_paths_c, co_window_2corner, co_window_paths_c,
          co_window_corner_ca, co_window_paths_e, glass_columns_b,
          glass_columns_a
D:10:     layout_long_grid
D:11:     layout_layer_cave, dpeg_lair_monsters, roderic_roman_lattice,
          minmay_checkerbox
Temple:   minmay_crystal_snake_temple

Skill      XL: |  1  2  3  4  5  6  7  8  9 10 |
---------------+-------------------------------+-----
Conjurations   | 3 4 5 6 7 8 10 | 10.8
Hexes          | 1 3 4 6 8 |  8.1
Spellcasting   | 4 |  4.0
Translocations | 5 7 |  7.5
Fighting       | 2 |  2.6
Dodging        | 5 |  5.9
Fire Magic     | 1 |  1.1
Stealth        | 4 5 |  5.0

Action                   |  1- 3 |  4- 6 |  7- 9 | 10-12 || total
-------------------------+-------+-------+-------+-------++-------
Melee: Whip              |     1 |       |       |       ||     1
       Dagger            |     8 |    27 |   104 |     4 ||   143
 Cast: Magic Dart        |    87 |    87 |   285 |   155 ||   614
       Searing Ray       |       |    11 |    38 |    22 ||    71
       Fulminant Prism   |       |       |     6 |    16 ||    22
  Use: Scroll            |       |       |       |    17 ||    17
       Potion            |       |       |       |     3 ||     3
 Stab: Sleeping          |       |       |     4 |       ||     4
       Distracted        |       |       |     1 |       ||     1
Armor: Robe              |     2 |     2 |    14 |     4 ||    22
Dodge: Dodged            |     9 |    26 |   151 |    45 ||   231
Block: Other             |       |       |       |     7 ||     7
       Reflection        |       |       |       |     3 ||     3

Table legend: (Time is in decaauts)
 A = Elapsed time spent in this place.
 B = Non-inter-level travel time spent in this place.
 C = Inter-level travel time spent in this place.
 D = Time resting spent in this place.
 E = Time spent auto-exploring this place.
 F = Levels seen in this place.
 G = Mean time per level.
                   A        B        C        D        E       F      G
               +--------+--------+--------+--------+--------+-----+--------+
         Total |  11734 |  11274 |    460 |   4034 |   5282 |  12 |  977.8 |
       Dungeon |  11602 |  11164 |    438 |   4034 |   5181 |  11 | 1054.7 |
        Temple |    132 |    110 |     22 |      0 |    101 |   1 |  132.0 |
               +--------+--------+--------+--------+--------+-----+--------+

Top non-repeatable levels by time:
     D:6: 1918 daAuts
     D:4: 1333 daAuts
     D:9: 1286 daAuts
    D:10: 1217 daAuts
     D:3: 1150 daAuts
     D:7: 1124 daAuts
     D:1: 987 daAuts
     D:8: 796 daAuts
     D:2: 739 daAuts
     D:5: 591 daAuts
    D:11: 455 daAuts
  Temple: 132 daAuts
